 Dungeon Crawl Stone Soup version 0.31.0-11-ge490571c62 (webtiles) character file.

Game seed: 16307032467885844784

366 Daunt the Chopper (level 6, 0/51 HPs)
             Began as a Vine Stalker Fighter on Jan 27, 2024.
             Succumbed to a scorpion's poison
             ... on level 5 of the Dungeon.
             The game lasted 00:09:58 (1340 turns).

Daunt the Chopper (Vine Stalker Fighter)            Turns: 1340, Time: 00:09:59

Health: 0/51       AC: 23    Str: 18 (21) XL:     6   Next: 68%
Magic:  2/7        EV:  2    Int:  6 (8)  God:
Gold:   119        SH:  4    Dex: 10 (13) Spells: 5/5 levels left

rFire   . . .        x - +2 hand axe (freeze)
rCold   . . .        c - +0 buckler
rNeg    . . .        b - melded +0 scale mail
rPois   +            r - melded +0 helmet
rElec   .            (cloak currently unavailable)
rCorr   .            (gloves currently unavailable)
SInv    .            (boots currently unavailable)
Will    .....        (no amulet)
Stlth   +            j - ring of flight
HPRegen 1.08/turn    (no ring)
MPRegen 0.10/turn

%: guardian spirit
@: lethally poisoned (0 -> -4), tree-form
A: stationary, stasis, torment immunity, boosted hp, (fangs 2), regeneration 1,
magic shield, (antimagic bite), no potion heal 2
a: no special abilities


You were on level 5 of the Dungeon.
You were a tree.
You visited 1 branch of the dungeon, and saw 5 of its levels.

You collected 119 gold pieces.

Inventory:

Hand Weapons
 a - a +0 war axe
 q - a +0 arbalest
 x - a +2 hand axe of freezing (weapon)
Missiles
 h - 8 stones
 l - a boomerang (quivered)
Armour
 b - a +0 scale mail (melded)
 c - a +0 buckler (worn)
 r - a +0 helmet (melded)
Jewellery
 j - a ring of flight (left branch)
Wands
 y - a wand of flame (19)
Scrolls
 e - 2 scrolls of silence {unknown}
 k - 2 scrolls of teleportation {unknown}
 n - a scroll of immolation {unknown}
 o - 4 scrolls of identify {unknown}
 s - a scroll of brand weapon {unknown}
 t - a scroll of vulnerability {unknown}
 z - a scroll of enchant armour {unknown}
Potions
 d - a potion of might
 g - a potion of degeneration
 i - a potion of berserk rage {unknown}
 m - a potion of cancellation {unknown}
 p - a potion of haste {unknown}
 u - a potion of heal wounds
 v - a potion of enlightenment {unknown}
 w - a potion of curing {unknown}
 A - a potion of resistance {unknown}


   Skills:
 + Level 4.3 Fighting
 * Level 5.2 Axes
 - Level 2.4 Armour
 - Level 2.6 Shields


You had 5 spell levels left.
You didn't know any spells.
Your spell library contained the following spells:

 Spells                   Type           Power      Damage    Failure   Level
 Call Imp                 Summ           0%         N/A       67%         2
 Ensorcelled Hibernation  Hex/Ice        0%         N/A       67%         2
 Sublimation of Blood     Necr           0%         N/A       67%         2
 Passwall                 Erth           0%         N/A       88%         3
 Swiftness                Air            0%         N/A       88%         3
 Summon Hydra             Summ           0%         N/A       100%        7


Dungeon Overview and Level Annotations

Branches:
Dungeon (5/15)
 Temple: D:4-7

Altars:
Ashenzari


Innate Abilities, Weirdness & Mutations

You are a tree.
Your roots penetrate the ground, keeping you stationary.
You cannot be teleported.
You are immune to unholy pain and torment.
Your maximum health is greatly increased.
Your equipment is partially melded.
((You have extremely sharp teeth.))
Your natural rate of healing is unusually fast.
When hurt, damage is shared between your health and your magic reserves.
((Your bite disrupts and absorbs the magic of your enemies.))
Potions cannot restore your health.


Message History

You bite the scorpion, but do no damage.
The scorpion is heavily wounded.
You hit the orc but do no damage.
You feel very sick.
The scorpion stings you but does no damage.
The orc hits you with a +0 hand axe.
The scorpion stings you but does no damage.
The orc barely misses you.
Unknown command.
Unknown command.
You hit the scorpion. You freeze the scorpion. Your bite misses the scorpion.
The scorpion is almost dead.
You barely miss the orc.
You feel very sick. The scorpion stings you.
* * * LOW HITPOINT WARNING * * *
You are lethally poisoned!
The scorpion poisons you! You block the orc's attack.
Unknown command.
Unknown command.
It was a potion of degeneration.
There was something very wrong with that liquid.
You feel weakened.
You feel dopey.
You feel clumsy.
* * * LOW HITPOINT WARNING * * *
You feel very sick. You block the scorpion's attack.
The orc hits you but does no damage.
It was a potion of heal wounds.
That seemed strangely inert.
* * * LOW HITPOINT WARNING * * *
You feel very sick. The scorpion stings you.
* * * LOW HITPOINT WARNING * * *
The orc hits you with a +0 hand axe.
* * * LOW HITPOINT WARNING * * *
Okay, then.
Unknown command.
It was a potion of lignification.
You turn into a tree.
Your +0 helmet melds into your body.
Your +0 scale mail melds into your body.
Your roots penetrate the ground.
You die...

#......##............. ###.Y
#........................ .....
#......##..........^.^... .#####.
#...>..###..............##..!....
#......# ##...#.^.....^..##.#####
#......# #.##.....^......
######## #.##^....^......
#.#...........^^ #....s♣o........
###^............ #......^......
##............ #.^..^^^...^.
##........... ##........#.
###........ ###...###


You could see a scorpion and an orc.

Vanquished Creatures
  3 phantoms
  Robin (D:2)
  4 gnolls (D:2)
  2 adders
  5 dart slugs
  4 bats
  7 endoplasms
  2 giant cockroaches
  12 goblins
  8 hobgoblins
  2 jackals (D:4)
  A quokka (D:2)
  4 ball pythons
  A frilled lizard (D:1)
  5 kobolds
  A rat (D:1)
62 creatures vanquished.

Notes
Turn   | Place    | Note
-------+----------+-------------------------------------------
     0 | D:1      | Daunt the Vine Stalker Fighter began the quest for the Orb.
     0 | D:1      | Reached XP level 1. HP: 11/11 MP: 2/2
    27 | D:2      | Reached skill level 2 in Axes
    99 | D:1      | Reached XP level 2. HP: 16/16 MP: 1/3
   287 | D:1      | Found a faded altar of an unknown god.
   323 | D:1      | Reached XP level 3. HP: 20/20 MP: 4/4
   421 | D:2      | Reached skill level 3 in Axes
   425 | D:2      | Reached XP level 4. HP: 10/24 MP: 3/5
   604 | D:2      | Noticed Robin
   615 | D:2      | Killed Robin
   665 | D:2      | Found a broken altar of Ashenzari.
   925 | D:5      | Entered Level 5 of the Dungeon
   937 | D:5      | Noticed an ice beast
   959 | D:4      | Noticed a phantom
   973 | D:4      | Killed a phantom
   974 | D:4      | Reached skill level 4 in Axes
   974 | D:4      | Reached XP level 5. HP: 29/29 MP: 6/6
  1088 | D:4      | Noticed a phantom
  1098 | D:4      | Killed a phantom
  1099 | D:4      | Reached XP level 6. HP: 33/33 MP: 4/7
  1273 | D:5      | Reached skill level 5 in Axes
  1339 | D:5      | HP: 1/34 [orc/+0 hand axe (2)]
  1340 | D:5      | Succumbed to a scorpion's poison

Illustrated notes

Levels and vault maps discovered:
D:1:      lightli_arrival_flooded_house, layout_loops_ring,
          dreamdust_ecumenical_altar_grove, minmay_stone_trees_small
D:2:      layout_loops_ring, basic_altar, kennysheep_generic_room_2, uniq_robin
D:3:      layout_basic, dreamdust_princess_bridge
D:4:      layout_rooms
D:5:      layout_rooms, minmay_temple_entry_mini_moons, serial_shops,
          nicolae_shop_window_shopping, minivault_25, minmay_holes

Skill      XL: |  1  2  3  4  5  6 |
---------------+-------------------+-----
Axes           | 2 3 4 5 |  5.2
Fighting       | 3 4 |  4.3
Armour         | |  2.4
Shields        | |  2.6

Action                     |  1- 3 |  4- 6 || total
---------------------------+-------+-------++-------
  Melee: War axe           |    47 |    52 ||    99
         Bite              |    12 |    22 ||    34
         Hand axe          |       |    45 ||    45
  Throw: Stone             |     1 |     5 ||     6
         Boomerang         |       |     5 ||     5
    Use: Potion            |       |     3 ||     3
 Armour: Scale mail        |    45 |    56 ||   101
  Dodge: Dodged            |    15 |    39 ||    54
  Block: Buckler           |     8 |    24 ||    32
